Map: Pillars of Gold LE

Players

Trap

  • Race: Protoss Protoss
  • League: Master
  • Spawn Location: 7:00

Serral - Winner!

  • Race: Zerg Zerg
  • Spawn Location: 1:00

VOD

Have the link to the VOD?

Description

Time

  • Played on: Jan. 17, 2021, 11:21 a.m.
  • Length: 13:05
Show
View Real Time Build Order
Export as new Build Order

Trap Protoss 

Build Orders: 1 Gate Expand, Oracle Opening, Zealot Archon 

Get SALT Encoding   

  12  0:00  Probe  
  13  0:15  Pylon  
  13  0:19  Probe (Chrono Boost)  
  15  0:28  Probe (Chrono Boost)  
  15  0:33  Probe (Chrono Boost)  
  16  0:42  Gateway  
  16  0:45  Probe  
  17  0:51  Assimilator  
  17  0:57  Probe  
  18  1:09  Probe  
  19  1:21  Probe  
  20  1:28  Nexus  
  20  1:39  Cybernetics Core  
  20  1:42  Probe  
  21  1:50  Assimilator  
  21  1:54  Probe  
  21  1:58  Pylon  
  22  2:06  Probe  
  23  2:13  Adept (Chrono Boost)  
  23  2:14  Probe  
  23  2:22  Probe  
  26  2:24  Stargate  
  27  2:31  Warp Gate  
  27  2:33  Probe (Chrono Boost)  
  28  2:38  Adept  
  28  2:42  Probe (Chrono Boost)  
  31  2:51  Probe x2 (Chrono Boost)  
  33  2:56  Probe (Chrono Boost)  
  33  2:57  Probe  
  35  3:08  Adept, Probe  
  35  3:09  Probe, Oracle (Chrono Boost)  
  42  3:17  Pylon  
  42  3:20  Probe  
  42  3:21  Probe  
  44  3:28  Gateway  
  44  3:32  Void Ray (Chrono Boost)  
  44  3:33  Probe  
  44  3:34  Probe  
  50  3:46  Probe x2  
  52  3:48  Pylon  
  52  3:59  Probe x2  
  54  4:06  Nexus  
  54  4:10  Pylon  
  54  4:13  Probe  
  54  4:14  Probe  
  56  4:19  Assimilator x2  
  56  4:24  Adept x2  
  56  4:26  Probe  
  56  4:27  Probe  
  56  4:30  Void Ray  
  66  4:40  Probe x2  
  68  4:48  Forge  
  68  4:49  Twilight Council  
  68  4:53  Probe x2  
  70  5:05  Pylon  
  70  5:06  Shield Battery  
  70  5:07  Pylon  
  70  5:18  Adept x2, Probe (Chrono Boost)  
  70  5:19  Probe (Chrono Boost)  
  77  5:23  Probe (Chrono Boost)  
  79  5:28  Probe (Chrono Boost)  
  79  5:29  Probe (Chrono Boost)  
  79  5:32  Gateway, Probe (Chrono Boost)  
  79  5:33  Protoss Ground Weapons Level 1  
  79  5:34  Gateway, Charge  
  83  5:47  Templar Archives, Gateway  
  80  5:52  Gateway  
  80  5:53  Gateway  
  80  5:57  Shield Battery  
  80  6:01  Shield Battery, Void Ray (Chrono Boost)  
  80  6:03  Shield Battery  
  80  6:04  Sentry x2, Shield Battery  
  84  6:14  Shield Battery  
  84  6:27  Pylon  
  84  6:29  Zealot x4  
  80  6:44  Zealot  
  72  6:48  High Templar x2  
  72  6:51  Zealot x2, High Templar x2  
  72  6:56  Archon x2, Pylon  
  72  7:00  Robotics Facility  
  72  7:06  Pylon  
  72  7:08  Pylon  
  72  7:12  Pylon  
  72  7:18  Gateway  
  72  7:19  High Templar  
  72  7:20  Gateway, Zealot x2  
  78  7:25  Zealot x2, High Templar  
  78  7:29  Archon  
  84  7:31  Zealot  
  84  7:36  Cybernetics Core  
  86  7:47  Immortal (Chrono Boost)  
  86  7:50  Robotics Bay  
  89  8:14  Pylon  
  89  8:17  Robotics Facility  
  90  8:20  Observer (Chrono Boost)  
  86  8:29  Blink  
  86  8:37  Disruptor (Chrono Boost)  
  89  8:45  Nexus  
  89  8:46  Pylon  
  89  9:05  Disruptor (Chrono Boost)  
  89  9:06  Disruptor (Chrono Boost)  
  89  9:07  Zealot x7  
  89  9:09  Shield Battery  
  109  9:16  Shield Battery  
  109  9:30  Disruptor  
  92  9:50  Shield Battery  
  90  9:59  Stalker x7  
  98  10:01  Pylon  
  98  10:05  Observer  
  98  10:10  Disruptor (Chrono Boost)  
  101  10:18  Colossus (Chrono Boost)  
  101  10:19  Pylon  
  104  10:23  Observer  
  103  10:31  Stalker x2  
  107  10:40  Stalker x2  
  111  10:54  Stalker x2  
  111  10:57  Stalker  
  113  11:09  Disruptor (Chrono Boost)  
  113  11:11  Warp Prism (Chrono Boost)  
  104  11:16  Observer  
  89  11:35  High Templar x2  
  89  11:36  Zealot x4  
  101  11:40  Archon  
  101  11:47  Disruptor (Chrono Boost)  
  104  12:03  Stalker x3  
  106  12:28  Stalker x2  
Show
View Real Time Build Order
Export as new Build Order

Serral Zerg - Winner!

Build Orders: Hatch First 

Get SALT Encoding   

  12  0:00  Drone  
  13  0:12  Overlord  
  13  0:18  Drone  
  14  0:31  Drone  
  15  0:45  Hatchery  
  15  0:49  Drone  
  15  0:53  Drone  
  15  0:57  Drone  
  17  1:13  Spawning Pool  
  17  1:16  Drone  
  17  1:17  Extractor  
  16  1:22  Drone  
  16  1:25  Drone  
  18  1:34  Drone  
  19  1:44  Drone  
  20  1:59  Queen x2  
  20  2:00  Zergling x2  
  25  2:02  Overlord  
  25  2:07  Drone  
  26  2:10  Zergling x2  
  27  2:16  Drone  
  27  2:18  Metabolic Boost  
  27  2:22  Drone  
  29  2:28  Drone  
  29  2:29  Drone  
  31  2:44  Hatchery  
  31  2:48  Drone  
  31  2:54  Queen  
  32  2:58  Overlord  
  32  3:02  Zergling x2  
  32  3:03  Drone  
  34  3:06  Drone  
  35  3:17  Zergling x2  
  35  3:18  Overlord, Drone x3  
  39  3:22  Drone  
  39  3:23  Drone  
  41  3:29  Queen  
  43  3:35  Spore Crawler  
  43  3:36  Drone  
  43  3:38  Drone  
  44  3:44  Drone x2  
  44  3:45  Zergling x2  
  44  3:48  Drone  
  48  3:49  Drone  
  50  3:55  Drone  
  50  3:58  Drone  
  50  4:00  Spore Crawler  
  50  4:01  Queen  
  52  4:04  Drone x3  
  52  4:08  Drone  
  52  4:09  Drone  
  57  4:11  Overlord  
  57  4:15  Spore Crawler  
  56  4:20  Roach Warren  
  55  4:25  Lair  
  55  4:26  Drone  
  55  4:31  Queen  
  58  4:33  Extractor  
  58  4:34  Extractor, Drone  
  58  4:36  Drone x2  
  59  4:39  Drone x2  
  59  4:42  Overlord  
  59  4:44  Drone  
  62  4:48  Overlord, Evolution Chamber  
  62  4:52  Extractor  
  60  4:55  Overlord  
  60  4:59  Overlord  
  60  5:02  Pneumatized Carapace  
  60  5:04  Zergling x4  
  60  5:05  Zergling x2  
  63  5:10  Roach x2  
  63  5:11  Roach  
  69  5:14  Roach  
  69  5:15  Roach  
  69  5:19  Roach x2  
  77  5:23  Roach  
  77  5:24  Roach  
  77  5:28  Overlord  
  81  5:35  Zergling x2  
  81  5:36  Zergling x6  
  85  5:48  Zergling x16  
  93  5:52  Overlord  
  93  5:55  Overlord  
  89  6:00  Overlord  
  88  6:06  Ravager x2  
  88  6:07  Overlord  
  90  6:12  Ravager x3  
  93  6:23  Zergling x18  
  95  6:39  Zergling x16  
  100  6:44  Ravager x4  
  103  6:48  Drone x4  
  103  6:53  Drone  
  108  6:57  Drone x2  
  110  7:03  Drone  
  110  7:08  Drone x2  
  113  7:10  Glial Reconstitution  
  113  7:11  Overlord, Zerg Missile Weapons Level 1  
  110  7:16  Drone x2  
  112  7:30  Drone x3  
  112  7:31  Overseer  
  115  7:38  Roach x3, Baneling Nest  
  120  7:48  Hatchery  
  119  7:53  Overlord  
  119  7:54  Overlord  
  119  7:57  Roach x2  
  123  8:09  Drone x4  
  128  8:15  Overlord, Hatchery  
  128  8:16  Drone x2  
  128  8:19  Overlord  
  129  8:21  Overlord x2  
  129  8:24  Roach  
  129  8:25  Roach x3  
  137  8:27  Centrifical Hooks  
  137  8:28  Extractor  
  137  8:31  Overlord  
  150  8:41  Roach x8  
  150  8:45  Ravager x2  
  150  8:47  Roach x2  
  157  9:05  Zerg Melee Weapons Level 1, Baneling x11  
  157  9:06  Zergling x12  
  157  9:07  Zergling x4  
  165  9:11  Overlord  
  165  9:12  Zergling x8  
  169  9:23  Baneling x9  
  153  9:25  Zergling x10  
  153  9:28  Zergling x2  
  153  9:29  Zergling x2  
  140  9:39  Zergling x16  
  140  9:45  Drone x5  
  150  9:52  Drone x2  
  147  9:53  Drone x2  
  144  10:00  Queen  
  144  10:06  Overlord  
  144  10:07  Drone x5  
  148  10:08  Drone  
  148  10:09  Roach x2  
  156  10:16  Ravager  
  156  10:20  Baneling x7  
  156  10:21  Roach x4  
  161  10:36  Baneling x9  
  161  10:42  Zergling x18, Roach x4  
  170  10:52  Hatchery  
  170  10:54  Overlord  
  169  10:59  Baneling x15  
  166  11:07  Zergling x10, Roach x3  
  153  11:13  Roach x4  
  149  11:29  Roach x2  
  149  11:30  Roach x8  
  153  11:45  Zergling x2  
  153  11:46  Zergling x14  
  157  12:01  Zergling x6, Roach x3  
  160  12:04  Ravager x3  
  160  12:06  Queen  
  160  12:08  Zergling x6  
  170  12:13  Baneling x5  
  170  12:14  Baneling x9  
  170  12:16  Zergling x24  
  181  12:24  Baneling x5  
  181  12:25  Zergling x2  
  181  12:26  Zergling x10  
  181  12:29  Baneling x3  
  187  12:33  Baneling x8  
  187  12:36  Zergling x10  
  189  12:48  Zergling x24  
Tags
 
Add a new tag
Caveats
  • Supply blocks, unpowered buildings, or Contaminate may cause inaccurate times.
  • Supply counts are checked every 10 seconds.